 Dungeon Crawl Stone Soup version 0.28-a0-872-g80cf8599ee (console) character file.

Game seed: 9048420316795142051

421968 jejorda2 the Phalangite (level 23, -3/234 HPs)
             Began as a Gargoyle Berserker on Nov 20, 2021.
             Was the Champion of Trog.
             Slain by a quicksilver ooze (5 damage)
             ... created by the Royal Jelly
             ... on level 5 of the Pits of Slime.
             The game lasted 03:21:12 (59324 turns).

jejorda2 the Phalangite (Gargoyle Berserker)       Turns: 59324, Time: 03:21:13

Health: -3/234     AC: 45    Str: 28    XL:     23   Next: 73%
Magic:  15/23      EV: 10    Int: 14    God:    Trog [******]
Gold:   3205       SH:  0    Dex: 19    Spells: 22/22 levels left

rFire   + . .      SeeInvis .   a - +3 bardiche {vorpal, Dex+4}
rCold   + + .      Faith    +   (shield currently unavailable)
rNeg    + + .      Spirit   .   J - +1 crystal plate armour {rC+}
rPois   ∞          Reflect  .   A - +2 helmet
rElec   +          Harm     .   j - +2 cloak {rCorr}
rCorr   +          Rampage  .   m - +2 pair of gloves {archery}
Will    ++...                   e - +0 pair of boots "Syewungoah" {rN+ Slay+3}
Stlth   ..........              B - amulet of Fitiack {Faith rC+ Int+2 Dex+3}
HPRegen 1.49/turn               M - ring "Gylomy" {rF+ Will+ Int+4}
MPRegen 0.18/turn               z - ring of willpower

@: mighty, berserking (expiring), weak-willed, marked, engulfed, strong-willed,
corroded, flying, regenerating, hasted, studying Unarmed Combat, very quick
A: sickness immunity, AC +17, big wings, negative energy resistance 1,
electricity resistance, torment resistance 1, petrification resistance
}: 2/15 runes: decaying, serpentine
a: Renounce Religion, Berserk, Trog's Hand, Brothers in Arms


You were on level 5 of the Pits of Slime.
You worshipped Trog.
Trog was exalted by your worship.
You visited 8 branches of the dungeon, and saw 43 of its levels.
You visited the Abyss 1 time.
You also visited: Sewer, Gauntlet, Ice Cave, Volcano and Desolation.

You collected 6184 gold pieces.
You spent 2979 gold pieces at shops.

Inventory:

Hand Weapons
 a - the +3 bardiche of the Equinox (weapon) {vorpal, Dex+4}
   (Trog gifted it to you in the Desolation of Salt)

   It inflicts extra damage upon your enemies.
   Dex:       It affects your dexterity (+4).
 b - the +8 longbow "Zephyr" {speed, Dex+3 SInv}
   (You found it on level 4 of the Lair of Beasts)

   Attacks with this weapon are significantly faster.
   Dex:       It affects your dexterity (+3).
   SInv:      It lets you see invisible.
 W - a +6 antimagic glaive
Missiles
 h - 7 curare-tipped darts
 k - 1213 stones (quivered)
 w - 13 silver javelins
 K - 958 arrows
 P - 26 javelins
 U - 16 datura-tipped darts
Armour
 e - the +0 pair of boots "Syewungoah" (worn) {rN+ Slay+3}
   (You found it on level 5 of the Lair of Beasts)

   Slay:      It affects your accuracy & damage with ranged weapons and melee
   (+3).
   rN:        It protects you from negative energy.
 j - a +2 cloak of preservation (worn)
 m - a +2 pair of gloves of archery (worn)
 A - a +2 helmet (worn)
 J - a +1 crystal plate armour of cold resistance (worn)
 Q - a +1 crystal plate armour
Jewellery
 z - a ring of willpower (right hand)
 B - the amulet of Fitiack (around neck) {Faith rC+ Int+2 Dex+3}
   (You acquired it on level 2 of the Snake Pit)

   [amulet of faith]

   It allows you to gain divine favour quickly.
   Int:       It affects your intelligence (+2).
   Dex:       It affects your dexterity (+3).
   rC:        It protects you from cold.
 H - the ring of Patience {rC+ Stlth+}
   (You found it in the Desolation of Salt)

   [ring of protection from cold]

   rC:        It protects you from cold.
   Stlth:     It makes you more stealthy.
 M - the ring "Gylomy" (left hand) {rF+ Will+ Int+4}
   (You bought it in a shop on level 2 of the Snake Pit)

   [ring of willpower]

   Int:       It affects your intelligence (+4).
   rF:        It protects you from fire.
   Will:      It increases your willpower.
 O - the ring of Shadows {Umbra +Inv Stlth+}
   (You found it in the Desolation of Salt)

   [ring of stealth]

   It surrounds you with an aura of shadow, increasing your stealth and reducing
   the accuracy of all within it (including the wearer).
   +Inv:      It lets you turn invisible.
   Stlth:     It makes you more stealthy.
 Z - a ring of protection from fire
Wands
 f - a wand of flame (160)
 q - a wand of polymorph (26)
 s - a wand of mindburst (49)
 t - a wand of paralysis (37)
 x - a wand of digging (16)
 y - a wand of iceblast (34)
 S - a wand of acid (17)
Scrolls
 g - 4 scrolls of magic mapping
 o - 2 scrolls of silence
 r - 4 scrolls of immolation
 u - 13 scrolls of teleportation
 E - 3 scrolls of summoning
 F - 4 scrolls of fear
 I - 4 scrolls of blinking
 N - 4 scrolls of fog
Potions
 c - 6 potions of haste
 d - 14 potions of curing
 l - 7 potions of resistance
 p - 7 potions of ambrosia
 v - 7 potions of might
 C - 6 potions of mutation
 D - 11 potions of heal wounds
 T - a potion of invisibility
 V - 3 potions of cancellation
 X - a potion of berserk rage
Miscellaneous
 i - a condenser vane
 L - a tin of tremorstones (2/2)
 R - a lightning rod (4/4)


   Skills:
 + Level 19.9 Fighting
 - Level 24.0 Polearms
 - Level 20.0 Bows
 + Level 7.7 Throwing
 + Level 18.1 Armour
 - Level 6.0 Dodging
 - Level 3.0 Stealth
 - Level 9.0 Evocations


You had 22 spell levels left.
You didn't know any spells.
Your spell library contained the following spells:

 Spells                   Type           Power      Damage    Failure   Level
 Blade Hands              Tmut           0%         N/A       100%        5
 Irradiate                Conj/Tmut      0%         3d13      100%        5
 Dragon Form              Tmut           0%         N/A       100%        7


Dungeon Overview and Level Annotations

Branches:
Dungeon (15/15)            Temple (0/1) D:6            Lair (6/6) D:8
  Swamp (4/4) Lair:4        Snake (4/4) Lair:3        Slime (5/5) Lair:5
    Orc (2/2) D:9             Elf (3/3) Orc:2        Vaults (4/5) D:13
  Crypt (0/3) Vaults:3     Depths (0/4) D:15          Sewer (visited)
  IceCv (visited)         Volcano (visited)         Desolation (visited)
Gauntlet (visited)

Altars:
Ashenzari
Cheibriados
Dithmenos
Elyvilon
Fedhas
Gozag
Hepliaklqana
Makhleb
Sif Muna
Trog
Uskayaw
Vehumet
Xom
Yredelemnul
Zin
The Shining One
Beogh
Jiyva

Shops:
D:6 *   D:13 ?   Orc:1 *   Orc:2 ::!?   Snake:2 (*=*=   Snake:3 :[[
Vaults:1 (

Annotations:
D:2 exclusion: door
D:15 2 transporters, Egithrirag's ghost, journeyman HOFi
Slime:5 3 exclusions


Innate Abilities, Weirdness & Mutations

You are immune to sickness and miasma.
Your stone body is resilient. (AC +17)
You are immune to poison.
Your large and strong wings let you fly.
You resist negative energy. (rN+)
You are resistant to electric shocks. (rElec)
You are resistant to unholy torment.
You are immune to petrification.


Message History

The fiery explosion engulfs the quicksilver ooze!!
You kill the quicksilver ooze!
That felt strangely unrewarding.
The fiery explosion engulfs the acid blob!!
The acid blob is moderately wounded.
The fiery explosion engulfs the azure jelly!!
The azure jelly is burned terribly!
The azure jelly is moderately wounded.
One of the Royal Jelly's fragments survives.
The azure jelly hits you but does no damage.
The azure jelly barely misses you. The azure jelly closely misses you.
The azure jelly hits you but does no damage.
A slime creature comes into view.
The acid blob is engulfed in blazing flames.
The azure jelly hits you but does no damage.
The azure jelly misses you.
The azure jelly hits you but does no damage.
The azure jelly completely misses you.
Unknown command.
Unknown command.
Unknown command.
Unknown command.
Press: ? - help, v - describe, . - travel
Here: a quicksilver ooze The floor.
Unknown command.
Unknown command.
You chop the quicksilver ooze into pieces!!!
You kill the quicksilver ooze!
That felt strangely unrewarding.
The acid blob hits you but does no damage.
The acid blob closely misses you. The acid blob hits you!
* * * LOW HITPOINT WARNING * * *
You are splashed with acid.
You resist.
* * * LOW HITPOINT WARNING * * *
The rockslime hits you but does no damage.
You barely miss the quicksilver ooze. The quicksilver ooze hits you!
* * * LOW HITPOINT WARNING * * *
The quicksilver ooze engulfs you! The quicksilver ooze hits you.
You die...

.((.............# ..# .....
.((..............#####J####......
#..........(..........(..........
............(........J...........
.................................
........................((.......
................JG.....((........
###...........JJJJJ..............
#............J@JJJ.............
###..........JJJJ.............(
###.........JJJ§.........(.(.
#.........J...............(
#........................(.
####.......................
###..................(..
##.#........###.....#.
#####....#..#########


You could see 5 acid blobs, 3 azure jellies, a great orb of eyes, 5 slime
creatures, 3 rockslimes and 4 quicksilver oozes.

Vanquished Creatures
  the Royal Jelly (Slime:5)
  4 deep elf blademasters (Elf:3)
  2 deep elf master archers (Elf:3)
  10 acid blobs
  Frances (D:12)
  The ghost of Caonejir the Carver, an adept TrHu of Okawaru (Snake:2)
  Kirke (D:12)
  3 thorn hunters
  6 rockslimes
  A fenstrider witch (Swamp:2)
  4 deep elf sorcerers (Elf:3)
  3 azure jellies
  9 nagarajas
  Aizul (Snake:2)
  12 vault wardens
  2 imperial myrmidons (Desolation)
  An orc warlord (Vaults:3)
  A deep elf elementalist (Elf:3)
  4 very ugly things
  4 war gargoyles (Vaults:4)
  15 ironbound preservers
  9 quicksilver oozes
  2 vampire knights
  A deep elf demonologist (Elf:3)
  A halazid warlock (Desolation)
  6 entropy weavers
  7 deep elf annihilators (Elf:3)
  11 dire elephants (Vaults:2)
  3 bunyips
  A minotaur (Gauntlet)
  2 crystal guardians (Desolation)
  An eidolon (Abyss:2)
  7 deep elf death magi (Elf:3)
  A quicksilver dragon zombie (Vaults:4)
  14 ragged hierophants (Desolation)
  Snorg (Orc:2)
  A fire dragon (D:15)
  5 shambling mangroves
  2 eleionomae
  4 deep elf high priests
  An ice dragon (D:15)
  6 yaktaur captains
  3 great orbs of eyes
  3 ghost crabs
  13 peacekeepers
  7 boulder beetles
  9 servants of whispers (Desolation)
  18 hydras
  Harold (D:7)
  7 salamander tyrants
  A rakshasa (D:15)
  15 vault guards
  17 naga warriors
  3 anacondas
  6 ironbound thunderhulks
  3 ogre magi (Orc:2)
  12 centaur warriors
  A catoblepas (Lair:6)
  10 ironbound frosthearts
  20 two-headed ogres
  32 dancing weapons
  A two-headed ogre (shapeshifter) (D:14)
  6 alligators
  A deep troll earth mage (D:14)
  12 shock serpents
  A vampire mage (Vaults:3)
  20 naga sharpshooters
  A titan zombie (Vaults:3)
  A death yak (Lair:5)
  17 deep elf knights
  A wretched star (Abyss:2)
  5 glowing orange brains
  5 salamander mystics
  6 goliath frogs
  5 spriggan druids
  A flayed ghost (Swamp:4)
  The ghost of ASSMAN the Martial Artist, a novice DsBe of Trog (D:7)
  9 bog bodies
  24 deep trolls
  2 spectral hydras (Swamp:4)
  12 wizards
  7 swamp dragons
  9 naga ritualists
  9 deep elf archers
  26 ironbound convokers
  7 lindwurms
  23 deep elf pyromancers
  2 phantasmal warriors
  8 harpies
  A wolf spider (shapeshifter) (Elf:1)
  A wolf spider (Lair:5)
  5 necromancers
  35 ugly things
  4 mana vipers
  An orc sorcerer (Orc:1)
  5 oklob plants
  7 will-o-the-wisps
  A worldbinder (Abyss:2)
  4 shining eyes
  26 deep elf zephyrmancers
  2 elf zombies (Vaults:4)
  28 salamanders
  2 manticores
  5 toenail golems (Volcano)
  2 cyclopes
  12 vault sentinels
  11 guardian serpents
  A stone giant skeleton (Vaults:3)
  16 naga magi
  A fire giant skeleton (Vaults:4)
  An ice statue (IceCv)
  15 elephants
  21 cane toads
  31 black mambas
  A torpor snail (Lair:5)
  3 eyes of devastation
  3 rime drakes
  An unseen horror (shapeshifter) (Elf:2)
  A storm dragon simulacrum (Vaults:4)
  22 yaktaurs
  An efreet (D:13)
  An elf skeleton (Vaults:4)
  10 komodo dragons
  5 kobold demonologists
  A freezing wraith (Swamp:3)
  3 bloated husks
  A troll (shapeshifter) (D:14)
  A tengu simulacrum (Vaults:4)
  12 tyrant leeches
  18 hornets
  A polar bear (Lair:4)
  4 hydra zombies (Swamp:4)
  3 jumping spiders
  A hydra skeleton (Swamp:4)
  4 trolls
  Grinder (D:5)
  21 blink frogs
  Prince Ribbit (D:9)
  3 death drake zombies (Swamp:4)
  A meliai zombie (D:11)
  A shadow dragon simulacrum (Vaults:3)
  92 saltlings (Desolation)
  The ghost of scottley the Conjurer, an amateur HuCj (D:4)
  96 slime creatures
  An ettin zombie (Vaults:3)
  4 air elementals
  6 redbacks
  A stone giant simulacrum (Vaults:4)
  3 water elementals (Elf:3)
  2 tarantellas
  A ynoxinul (Abyss:2)
  2 dire elephant simulacra (IceCv)
  9 spriggans
  6 wyverns
  An ettin skeleton (Vaults:4)
  34 yaks
  A wraith (D:13)
  7 basilisks
  A human (D:9)
  15 golden eyes
  19 vampire mosquitoes
  A hog (D:12)
  6 fire elementals
  3 death yak simulacra (IceCv)
  2 harpy simulacra (IceCv)
  5 acid dragons
  18 swamp worms
  A spatial vortex (Abyss:2)
  49 nagas
  3 hydra simulacra (Swamp:4)
  10 wargs
  Duvessa (D:7)
  19 water moccasins
  5 swamp drakes
  13 orc warriors
  4 necrophages
  2 ice beasts
  An ettin simulacrum (Vaults:4)
  A hornet zombie (D:7)
  A sky beast (D:5)
  24 ogres
  A black bear (Lair:1)
  3 swamp dragon skeletons (Swamp:4)
  5 boggarts
  4 centaurs
  14 wolves
  2 phantoms
  5 kobold brigands
  4 human skeletons
  19 bullfrogs
  A gnoll sergeant (D:9)
  5 two-headed ogre simulacra (IceCv)
  A cane toad simulacrum (IceCv)
  2 earth elementals (Elf:2)
  2 wyvern skeletons
  Dowan (D:7)
  15 killer bees
  An elephant simulacrum (IceCv)
  6 howler monkeys
  2 electric eels (Lair:1)
  A quasit (D:7)
  2 centaur zombies
  3 lava snakes (Lair:5)
  4 hounds
  2 gnoll shamans
  16 orc priests
  A centaur skeleton (D:5)
  2 iguanas (D:6)
  Ijyb (D:5)
  Terence (D:2)
  16 orc wizards
  A spriggan simulacrum (IceCv)
  2 polar bear simulacra (IceCv)
  7 troll simulacra (IceCv)
  2 lightning spires (Swamp:3)
  A wolf simulacrum (IceCv)
  14 gnolls
  A howler monkey zombie (D:10)
  6 adders
  A howler monkey skeleton (D:6)
  8 naga simulacra (IceCv)
  4 white imps
  8 ufetubi
  An adder skeleton (D:5)
  A dart slug (D:5)
  45 orcs
  8 bats
  3 endoplasms
  A giant cockroach (D:1)
  A goblin (shapeshifter) (Gauntlet)
  7 goblins
  4 hobgoblins
  3 quokkas
  2 ball pythons
  10 frilled lizards
  A goblin skeleton (D:7)
  18 kobolds
  4 kobold skeletons (D:7)
  A kobold zombie (D:7)
  An orc zombie (D:7)
  4 rats
  A ball lightning (Swamp:3)
  2 briar patches (Swamp:3)
1724 creatures vanquished.

Vanquished Creatures (collateral kills)
  A nagaraja (Snake:2)
  A reaper (IceCv)
  An eidolon (Vaults:3)
  A jiangshi (Vaults:3)
  A hydra (Lair:1)
  A two-headed ogre (Orc:2)
  An ogre mage (Orc:2)
  A vampire mage (Vaults:3)
  A naga sharpshooter (Snake:2)
  A swamp dragon (Swamp:3)
  A lindwurm (Lair:5)
  3 elephants
  4 slime creatures (Slime:3)
  A guardian serpent (Snake:2)
  A black mamba (Snake:2)
  A cane toad (Lair:3)
  A hornet (Swamp:3)
  A spriggan (Swamp:3)
  A basilisk (Lair:2)
  A naga (Snake:2)
  A water moccasin (Lair:3)
  A floating eye (Slime:3)
  4 ogres (Orc:2)
  A wolf (Lair:3)
  2 bullfrogs (Lair:3)
  An elephant simulacrum (IceCv)
  A lava snake (Lair:5)
  A polar bear simulacrum (IceCv)
  A spriggan simulacrum (IceCv)
  A wolf simulacrum (IceCv)
  A worm (D:3)
  An endoplasm (D:3)
41 creatures vanquished.

Vanquished Creatures (others)
  Asterion (Elf:1)
  2 wizards
  A spectral hydra (Swamp:4)
  A deep elf zephyrmancer (Elf:1)
  A deep elf pyromancer (Orc:2)
  A bloated husk (Swamp:2)
  A swamp drake (Swamp:2)
  A quasit (Vaults:2)
  A ball lightning (Swamp:3)
  16 foxfires
  58 fungi
  121 plants
  5 withered plants (Desolation)
210 creatures vanquished.

Grand Total: 1975 creatures vanquished

Notes
Turn   | Place    | Note
-------+----------+-------------------------------------------
     0 | D:1      | jejorda2 the Gargoyle Berserker began the quest for the
                  | Orb.
     0 | D:1      | Reached XP level 1. HP: 14/14 MP: 1/1
   493 | D:1      | Reached XP level 2. HP: 19/19 MP: 2/2
   557 | D:1      | Reached skill level 3 in Polearms
   939 | D:2      | Reached XP level 3. HP: 23/23 MP: 3/3
   963 | D:2      | Noticed Terence
   978 | D:2      | Killed Terence
  1037 | D:2      | Reached XP level 4. HP: 29/29 MP: 4/4
  1085 | D:2      | Reached ** piety under Trog
  1123 | D:2      | Found a shimmering altar of Xom.
  1182 | D:2      | Found a faded altar of an unknown god.
  1182 | D:2      | Noticed a ynoxinul
  1541 | D:3      | Found a glowing drain.
  1555 | Sewer    | Entered a sewer
  1623 | Sewer    | Noticed a water moccasin
  1635 | Sewer    | Killed a water moccasin
  1636 | Sewer    | Reached skill level 4 in Polearms
  1636 | Sewer    | Reached XP level 5. HP: 34/34 MP: 5/5
  1901 | D:3      | Found a snail-covered altar of Cheibriados.
  2074 | D:4      | Found a runed translucent gate.
  2074 | D:4      | Found a runed translucent gate.
  2088 | D:4      | Found a white marble altar of Elyvilon.
  2273 | D:4      | Reached XP level 6. HP: 39/39 MP: 6/6
  2274 | D:4      | Noticed a necrophage
  2275 | D:4      | Noticed scottley's ghost (amateur HuCj)
  2277 | D:4      | Found a runed translucent gate.
  2404 | D:4      | Found a shadowy altar of Dithmenos.
  2514 | D:4      | Reached skill level 5 in Polearms
  3013 | D:4      | Found a blossoming altar of Fedhas.
  3013 | D:4      | Found a radiant altar of Vehumet.
  3021 | D:4      | Found a faded altar of an unknown god.
  3023 | D:4      | Found a burning altar of Makhleb.
  3025 | D:4      | Found a hide-covered altar of Uskayaw.
  3142 | D:4      | Found a shimmering blue altar of Sif Muna.
  3168 | D:4      | Reached skill level 5 in Fighting
  3171 | D:4      | Reached XP level 7. HP: 44/44 MP: 7/7
  3213 | D:4      | Killed scottley's ghost
  3216 | D:4      | Reached skill level 6 in Polearms
  3300 | D:5      | Entered Level 5 of the Dungeon
  3310 | D:4      | Reached skill level 5 in Armour
  3367 | D:5      | Reached XP level 8. HP: 46/51 MP: 8/8
  3399 | D:5      | Found an opulent altar of Gozag.
  3657 | D:5      | Noticed Grinder
  3666 | D:5      | Found a glowing silver altar of Zin.
  3694 | D:5      | Reached skill level 7 in Polearms
  3721 | D:5      | Killed Grinder
  3722 | D:5      | Reached skill level 8 in Polearms
  3757 | D:5      | Reached XP level 9. HP: 17/55 MP: 9/9
  3847 | D:5      | Noticed Ijyb
  3864 | D:5      | Paralysed by Ijyb for 3 turns
  3869 | D:5      | Killed Ijyb
  4372 | D:5      | Found a hazy altar of Hepliaklqana.
  4595 | D:6      | Reached skill level 9 in Polearms
  4595 | D:6      | Reached skill level 1 in Evocations
  4876 | D:6      | Found Sias's General Store.
  4896 | D:6      | Bought a scroll of fear for 42 gold pieces
  4896 | D:6      | Bought a wand of digging (5) for 216 gold pieces
  5015 | D:6      | Found a staircase to the Ecumenical Temple.
  5306 | D:7      | Noticed Duvessa
  5307 | D:7      | Noticed Dowan
  5331 | D:7      | Killed Duvessa
  5334 | D:7      | Killed Dowan
  5335 | D:7      | Reached skill level 10 in Polearms
  5498 | D:7      | Found a glowing golden altar of the Shining One.
  5530 | D:7      | Reached *** piety under Trog
  5647 | D:7      | Reached XP level 10. HP: 22/60 MP: 10/10
  5901 | D:7      | Found a runed translucent gate.
  5902 | D:7      | Found a runed translucent gate.
  5903 | D:7      | Found a runed translucent gate.
  5903 | D:7      | Noticed ASSMAN's ghost (novice DsBe)
  5903 | D:7      | Noticed Harold
  5904 | D:7      | Identified the +1 chain mail "Exuik" {Int+5}
  5918 | D:7      | Killed Harold
  5919 | D:7      | Reached skill level 11 in Polearms
  6353 | D:7      | Killed ASSMAN's ghost
  6354 | D:7      | Reached skill level 5 in Evocations
  6777 | D:8      | Noticed a two-headed ogre
  6782 | D:8      | Killed a two-headed ogre
  6783 | D:8      | Reached skill level 12 in Polearms
  7246 | D:8      | Found a shimmering altar of Xom.
  7307 | D:8      | Found a staircase to the Lair.
  7537 | D:9      | Reached **** piety under Trog
  7758 | D:9      | Found a staircase to the Orcish Mines.
  7797 | D:9      | Noticed a two-headed ogre
  7804 | D:9      | Killed a two-headed ogre
  7805 | D:9      | Reached XP level 11. HP: 64/64 MP: 11/11
  7885 | D:9      | You fall into a shaft and drop 2 floors!
  7974 | D:11     | Noticed a two-headed ogre
  7985 | D:11     | Killed a two-headed ogre
  7986 | D:11     | Reached skill level 13 in Polearms
  8174 | D:10     | Entered Level 10 of the Dungeon
  8249 | D:9      | Noticed a two-headed ogre
  8257 | D:9      | Killed a two-headed ogre
  8280 | D:9      | Noticed a two-headed ogre
  8455 | D:9      | Noticed a cyclops
  8466 | D:9      | Killed a cyclops
  8726 | D:9      | Noticed Prince Ribbit
  8759 | D:9      | Killed Prince Ribbit
  9252 | Lair:1   | Entered Level 1 of the Lair of Beasts
  9450 | Lair:1   | Reached skill level 14 in Polearms
  9548 | Lair:1   | Noticed a six-headed hydra
  9556 | Lair:1   | Killed a six-headed hydra
 10511 | Lair:1   | Found the +8 whip "Snakebite" {venom, curare, rPois}
 10651 | Lair:2   | Reached XP level 12. HP: 71/71 MP: 12/12
 10767 | Lair:2   | Reached skill level 15 in Polearms
 11734 | Lair:3   | Found a frozen archway.
 11744 | IceCv    | Entered an ice cave
 12013 | IceCv    | Reached skill level 16 in Polearms
 13234 | IceCv    | Noticed a reaper
 13250 | IceCv    | Killed a reaper
 13328 | IceCv    | Identified the ring of Qetynan {Fly rElec rPois Str+2}
 13368 | Lair:3   | Reached XP level 13. HP: 80/80 MP: 13/13
 13845 | Lair:3   | Found a shimmering altar of Xom.
 14074 | Lair:3   | Found a staircase to the Snake Pit.
 14639 | Lair:4   | Found a dark tunnel.
 14644 | Volcano  | Entered a volcano
 14910 | Volcano  | Reached skill level 17 in Polearms
 15410 | Lair:4   | Found the +8 longbow "Zephyr" {speed, Dex+3 SInv}
 15553 | Lair:4   | Found a staircase to the Swamp.
 16848 | Lair:5   | You fall into a shaft and drop 1 floor!
 16848 | Lair:6   | Entered Level 6 of the Lair of Beasts
 17206 | Lair:5   | Identified the +0 pair of boots "Syewungoah" {rN+ Slay+3}
 17236 | Lair:5   | Reached skill level 18 in Polearms
 17271 | Lair:5   | Found a viscous altar of Jiyva.
 17271 | Lair:5   | Found a staircase to the Slime Pits.
 17280 | Lair:5   | Gained mutation: Your large and strong wings let you fly.
                  | [Gargoyle growth]
 17280 | Lair:5   | Reached XP level 14. HP: 87/87 MP: 14/14
 17412 | Lair:5   | HP: 3/87 [blink frog (12)]
 17669 | Lair:5   | Found a runed translucent door.
 18286 | Lair:5   | Found a runed translucent gate.
 18286 | Lair:5   | Identified the +1 whip "Hail" {drain, rCorr Str+4 Int+3}
 18288 | Lair:5   | Found a runed translucent gate.
 18289 | Lair:5   | Found a runed translucent gate.
 18289 | Lair:5   | Found a runed translucent gate.
 18289 | Lair:5   | Found a runed translucent gate.
 18290 | Lair:5   | Found a runed translucent gate.
 18482 | Lair:5   | Reached skill level 19 in Polearms
 18736 | Lair:5   | Reached skill level 10 in Fighting
 19882 | Lair:6   | Reached skill level 10 in Armour
 19891 | Lair:6   | Reached skill level 1 in Bows
 20570 | Lair:6   | Reached XP level 15. HP: 64/92 MP: 15/15
 21601 | D:10     | Identified the +1 scale mail of Hopscotch {rPois rC- rCorr
                  | Str+7}
 21657 | D:10     | Reached skill level 20 in Polearms
 21817 | D:10     | Reached ***** piety under Trog
 21871 | D:10     | You are sucked into a shaft and drop 1 floor!
 22451 | D:11     | Found a broken altar of Ashenzari.
 22608 | D:11     | Reached skill level 5 in Bows
 23095 | D:12     | Noticed Kirke
 23096 | D:12     | Noticed a sphinx
 23116 | D:12     | Killed Kirke
 23247 | D:12     | Noticed Frances
 23266 | D:12     | Killed Frances
 23962 | D:13     | Found a gate leading to a gauntlet.
 23979 | Gauntlet | Entered a Gauntlet
 23979 | Gauntlet | Found a transporter.
 23979 | Gauntlet | Found a transporter.
 23980 | Gauntlet | Found a transporter.
 23985 | Gauntlet | Found a transporter.
 23993 | Gauntlet | Found a transporter.
 23993 | Gauntlet | Found a transporter.
 24008 | Gauntlet | Found a transporter.
 24016 | Gauntlet | Found a transporter.
 24033 | Gauntlet | Found a transporter.
 24041 | Gauntlet | Found a transporter.
 24061 | Gauntlet | Found a transporter.
 24102 | Gauntlet | Found a transporter.
 25172 | D:13     | Found Uthach's Magic Scroll Shop.
 25961 | D:13     | Found a gate to the Vaults.
 26704 | D:14     | Identified the +1 robe of Beyond {rN+++ Str+3}
 26789 | D:14     | Received a gift from Trog
 26790 | D:14     | Reached skill level 5 in Dodging
 27025 | D:15     | Entered Level 15 of the Dungeon
 27173 | D:15     | Reached XP level 16. HP: 88/97 MP: 16/16
 27337 | D:15     | Found a transporter.
 27338 | D:15     | Found a transporter.
 27338 | D:15     | Noticed Egithrirag's ghost (journeyman HOFi)
 27350 | D:15     | Identified the +4 giant spiked club of the New World
                  | {vorpal, Str+3}
 27350 | D:15     | Identified the +10 great mace "Worac" {vamp, *Noise rElec
                  | rN+ Int+5}
 27458 | D:15     | Identified the +5 falchion "Haghaaz" {holy, Int+4}
 27757 | D:15     | Reached skill level 10 in Bows
 27906 | D:15     | Found a staircase to the Depths.
 28525 | Orc:1    | Entered Level 1 of the Orcish Mines
 29143 | Orc:2    | Entered Level 2 of the Orcish Mines
 29161 | Orc:2    | Found a staircase to the Elven Halls.
 29392 | Orc:2    | Noticed Snorg
 29395 | Orc:2    | Killed Snorg
 29611 | Orc:2    | Found Vuadagg's Magic Scroll Shoppe.
 29611 | Orc:2    | Found Kazuegh's Distillery.
 29612 | Orc:2    | Found Hegir Mong's Book Shop.
 29612 | Orc:2    | Found Roqued's Book Emporium.
 29706 | Orc:1    | Found Arosch's Assorted Antiques.
 29724 | Orc:1    | Bought a twisted peridot ring for 140 gold pieces
 29724 | Orc:1    | Bought a smoky pink potion for 25 gold pieces
 29961 | Orc:2    | Bought a scroll of acquirement for 884 gold pieces
 29963 | Orc:2    | Acquired a manual of Fighting
 30133 | Swamp:1  | Entered Level 1 of the Swamp
 30697 | Swamp:1  | Found a bloodstained altar of Trog.
 31160 | Swamp:2  | Noticed a fenstrider witch
 31166 | Swamp:2  | Killed a fenstrider witch
 31774 | Swamp:2  | Noticed a thorn hunter
 31783 | Swamp:2  | Killed a thorn hunter
 32156 | Swamp:3  | Reached XP level 17. HP: 106/106 MP: 17/17
 33474 | Swamp:4  | Entered Level 4 of the Swamp
 33526 | Swamp:4  | Received a gift from Trog
 33565 | Swamp:4  | Identified the amulet "Olymox" {rElec rF- Regen+ Str+4
                  | Int+8}
 33761 | Swamp:4  | Reached skill level 15 in Bows
 35296 | Swamp:4  | Received a gift from Trog
 35367 | Swamp:4  | Reached skill level 15 in Fighting
 35558 | Swamp:4  | Found a blossoming altar of Fedhas.
 35614 | Swamp:4  | Found a basalt altar of Yredelemnul.
 35628 | Swamp:4  | Got a decaying rune of Zot
 35791 | Snake:1  | Entered Level 1 of the Snake Pit
 35969 | Snake:1  | Reached XP level 18. HP: 119/119 MP: 18/18
 36750 | Snake:2  | Found Olegiemu's Jewellery Emporium.
 36750 | Snake:2  | Found Pucwed's General Store.
 36751 | Snake:2  | Found Aboask's Assorted Antiques.
 36758 | Snake:2  | Found Joacw's Jewellery Shoppe.
 36777 | Snake:2  | Bought a scroll of acquirement for 676 gold pieces
 36779 | Snake:2  | Acquired the amulet of Fitiack {Faith rC+ Int+2 Dex+3}
 36795 | Snake:2  | Bought the ring "Gylomy" {rF+ Will+ Int+4} for 711 gold
                  | pieces
 36876 | Snake:2  | Found Raci Oqu's Antique Weapon Shop.
 36980 | Snake:2  | Found a runed translucent door.
 37163 | Snake:2  | Reached ****** piety under Trog
 37184 | Snake:2  | Noticed Aizul
 37204 | Snake:2  | Killed Aizul
 37761 | Snake:2  | Noticed Caonejir's ghost (adept TrHu)
 37972 | Snake:2  | Killed Caonejir's ghost
 37978 | Snake:2  | Identified the amulet of Zorryzoh {Faith Harm +Blink Regen+
                  | Int-5}
 38076 | Snake:3  | Received a gift from Trog
 38428 | Snake:3  | Found Kataw's Book Emporium.
 38431 | Snake:3  | Found Zebluceest's Armour Shoppe.
 38433 | Snake:3  | Found Wuagekor's Antique Armour Emporium.
 38441 | Snake:3  | Bought a pair of scorched boots for 285 gold pieces
 38441 | Snake:3  | Identified the +2 pair of boots of Rationality {rF+} (You
                  | bought it in a shop on level 3 of the Snake Pit)
 39085 | Snake:3  | Identified the +5 glaive of Myir {antimagic, rCorr Stlth+}
                  | (Trog gifted it to you on level 3 of the Snake Pit)
 39085 | Snake:3  | Received a gift from Trog
 39473 | Snake:4  | Entered Level 4 of the Snake Pit
 39616 | Snake:4  | Reached XP level 19. HP: 125/125 MP: 19/19
 39710 | Snake:4  | Identified the +8 chain mail of Polytheism {Fly}
 39789 | Snake:4  | Got a serpentine rune of Zot
 40075 | Snake:4  | Received a gift from Trog
 40994 | Elf:1    | Entered Level 1 of the Elven Halls
 41274 | Elf:1    | Noticed Asterion
 41315 | Elf:1    | Killed Asterion
 41484 | Elf:1    | Acquired 709 gold pieces
 41522 | Elf:1    | Identified the +12 halberd of the Boar {vorpal, rPois rN+
                  | Str+4} (Trog gifted it to you on level 1 of the Elven
                  | Halls)
 41522 | Elf:1    | Received a gift from Trog
 42423 | Elf:2    | Found the +13 scythe of Curses {drain, Drain}
 42506 | Elf:2    | Found a runed translucent gate.
 42506 | Elf:2    | Found a runed translucent gate.
 42508 | Elf:2    | Found a runed translucent gate.
 42671 | Elf:2    | Paralysed by an air elemental for 1 turns
 42760 | Elf:2    | Identified the +1 chain mail of Curiosity {-Cast rC+ Dex+4}
 42828 | Elf:2    | Received a gift from Trog
 42981 | Elf:2    | Reached XP level 20. HP: 132/132 MP: 20/20
 43015 | Elf:2    | Reached skill level 15 in Armour
 43390 | Elf:3    | Entered Level 3 of the Elven Halls
 43474 | Elf:3    | Paralysed by an air elemental for 1 turns
 43530 | Elf:3    | Received a gift from Trog
 44168 | Elf:3    | Received a gift from Trog
 45037 | Elf:3    | Identified the ring of Jydia {Will+ Str-4 Int+5}
 45040 | Elf:3    | Identified the ring "Miasias" {rC- Will- Int+9 Dex+6
                  | Slay+2}
 45048 | Elf:3    | Identified the amulet "Woxzaff" {Acrobat Harm}
 45107 | Elf:3    | Identified the +5 chain mail of Inevitability {Regen+}
 45494 | Vaults:1 | Entered Level 1 of the Vaults
 45615 | Vaults:1 | Received a gift from Trog
 45899 | Vaults:1 | Reached skill level 21 in Polearms
 46027 | Vaults:1 | Found Pif Vied's Weapon Boutique.
 46185 | Vaults:1 | Reached XP level 21. HP: 141/141 MP: 21/21
 46717 | Vaults:1 | Received a gift from Trog
 47243 | Vaults:2 | Cast into level 2 of the Abyss (a wizard)
 47364 | Vaults:2 | Escaped the Abyss
 48113 | Vaults:2 | Identified the +11 glaive "Wounuwk" {flame, *Slow rCorr
                  | SInv} (Trog gifted it to you on level 2 of the Vaults)
 48113 | Vaults:2 | Received a gift from Trog
 48323 | Vaults:2 | Reached skill level 22 in Polearms
 49237 | Vaults:3 | Found a crumbling gateway.
 49261 | Desolati | Entered the Desolation of Salt
 49768 | Desolati | Received a gift from Trog
 50100 | Desolati | Found the +7 Singing Sword {vorpal, sonic wave}
 50208 | Desolati | Identified the -8 kite shield of Thoughtfulness {Dex+3}
 50253 | Desolati | Reached skill level 23 in Polearms
 50397 | Desolati | Identified the +3 bardiche of the Equinox {vorpal, Dex+4}
                  | (Trog gifted it to you in the Desolation of Salt)
 50397 | Desolati | Received a gift from Trog
 50408 | Desolati | Reached XP level 22. HP: 144/147 MP: 22/22
 50517 | Desolati | Identified the +3 demon trident of the Present {vamp, rPois
                  | Str+4 SInv}
 51157 | Desolati | Identified the ring of Patience {rC+ Stlth+}
 51217 | Desolati | Identified the +4 whip of Destiny {flame, Will+ Dex+4}
 51594 | Desolati | Found the ring of Shadows {Umbra +Inv Stlth+}
 51961 | Vaults:3 | Received a gift from Trog
 52212 | Vaults:3 | Found a staircase to the Crypt.
 52436 | Vaults:3 | Reached skill level 24 in Polearms
 52448 | Vaults:3 | Reached skill level 1 in Stealth
 52697 | Vaults:3 | Reached skill level 1 in Throwing
 53276 | Vaults:3 | Received a gift from Trog
 54021 | Vaults:3 | Received a gift from Trog
 55196 | Vaults:4 | Reached XP level 23. HP: 153/153 MP: 23/23
 55300 | Vaults:4 | Received a gift from Trog
 55301 | Vaults:4 | Reached skill level 5 in Throwing
 55537 | Vaults:4 | Identified the amulet of Neluiqint {Reflect *Slow Will+
                  | Int+4 SH+5}
 56910 | Slime:1  | Entered Level 1 of the Pits of Slime
 56941 | Slime:1  | Received a gift from Trog
 57650 | Slime:2  | Found a viscous altar of Jiyva.
 58025 | Slime:4  | Paralysed by a floating eye for 2 turns
 58034 | Slime:3  | Paralysed by a floating eye for 2 turns
 58035 | Slime:3  | HP: 9/232 [acid blob (16)]
 58043 | Slime:3  | Received a gift from Trog
 58621 | Slime:5  | Entered Level 5 of the Pits of Slime
 59295 | Slime:5  | Noticed the Royal Jelly
 59322 | Slime:5  | Killed the Royal Jelly
 59323 | Slime:5  | HP: 9/234 [acid[the Royal Jelly] (3)]
 59324 | Slime:5  | HP: 2/234 [quicksilver ooze[the Royal Jelly] (8)]
 59324 | Slime:5  | Slain by a quicksilver ooze

Illustrated notes

Levels and vault maps discovered:
D:1:      roderic_chinese_lattice_arrival, layout_loops_cross,
          minmay_pentomino_s4
D:2:      layout_rooms, dreamdust_ecumenical_altar_sealed_demon, basic_altar,
          small_statue_intersection, interstate_on_off, minmay_lizard_king,
          uniq_terence
D:3:      layout_rooms, amcnicky_altar_gilded, portal_sewer_entry_d,
          dk_noncrumbling_3
D:4:      layout_basic, mainiacjoe_overflow_brackets,
          nicolae_dithmenos_shadow_blocks, led_sif_book,
          chequers_temple_overflow_minitemple, gammafunk_ghost_split
D:5:      layout_loops_ring, nzn_hepliaklqana_mist_gate,
          nicolae_gozag_cash_rules_everything_around_me, zin_statuary,
          moated_statue, item_on_display_a, uniq_ijyb, uniq_grinder
D:6:      layout_cave_pools, minmay_temple_entry_fiery, serial_shops, shop
D:7:      layout_cave_pools, nicolae_tso_besieged_by_evil,
          biasface_ghost_orc_armoury, uniq_crazy_yiuf_cottage, uniq_duvessa,
          uniq_harold
D:8:      layout_loops_corners, tgw_xom, lair_entry_dummy, minivault_25
D:9:      layout_grid_maze, erik_orc_4, uniq_prince_ribbit1
D:10:     layout_cave_pools
D:11:     layout_rooms, nicolae_ashenzari_skybound
D:12:     layout_loops_corners, uniq_frances, uniq_kirke
D:13:     layout_irregular_city, david_vaults_5, serial_shops, shop_statue,
          gauntlet_entry_generic
D:14:     layout_cave_pools, nrook_mini_vaults, roderic_lattice_a, wad_dig_loot
D:15:     grunt_enter_depths_hoard, layout_gridville, gammafunk_ghost_smash
Lair:1:   minmay_guarded_unrand_snakebite, layout_long_grid,
          serial_bayou_pond_a, serial_bayou_ford_a, minmay_holes
Lair:2:   layout_regular_city, grunt_megastairs_3
Lair:3:   layout_regular_city, minmay_snake_entry_six_corridors,
          portal_ice_cave_entry_pillars_1, basic_altar
Lair:4:   layout_roguey, skrybe_swamp_entry_bodies, enter_volcano_4,
          grunt_megastairs_5
Lair:5:   gammafunk_indiana_jones, layout_gridlike, slime_altar_1,
          infiniplex_staircase_pool_2
Lair:6:   minmay_lair_end_frog_pond, layout_regular_city
Swamp:1:  layout_falls_marsh, nicolae_swamp_triple_paths, swamp_pool3,
          nicolae_swamp_godswood, nicolae_swamp_small_spring
Swamp:2:  layout_basic_swamp, hangedman_swamp_diagram, swamp_pool5,
          infiniplex_staircase_pool
Swamp:3:  layout_basic_swamp, hangedman_swamp_pad, swamp_pool1,
          hangedman_swamp_phenomena
Swamp:4:  byrel_swamp_growth_death_and_undeath, layout_basic_swamp, swamp_pool4,
          nicolae_swamp_fairy_circle
Snake:1:  layout_rooms, nicolae_snake_guarding_the_ruins
Snake:2:  nicolae_aizul_guard, layout_cave_pods, serial_shops, shop,
          ebering_ghost_reflecting_pool, minmay_shoptagon
Snake:3:  layout_grid_shapes, st_stairs_14, minmay_shop_star,
          grunt_megastairs_1, uniq_aizul
Snake:4:  snake_pit, layout_cave_town, nicolae_snake_gridmaze_entwining,
          nicolae_coiled_stairwell_up
Slime:1:  layout_caves
Slime:2:  layout_caves, basic_altar
Slime:3:  layout_caves
Slime:4:  layout_caves
Slime:5
Orc:1:    cheibrodos_orc_guarddog, layout_caves, serial_shops,
          nicolae_square_shop, nicolae_orc_lava_room
Orc:2:    st_orc_ogre_mass, layout_diamond_mine, basic_altar, uniq_snorg
Elf:1:    elf_arrival_001, layout_gridlike,
          hangedman_elven_crosses_minicolossus,
          nicolae_concentric_dashed_squares_wild, uniq_asterion
Elf:2:    elven_hall_of_blades_hangedman_original [mumra_blade_entry_bloodbath],
          layout_geoelf_diagonals
Elf:3:    minmay_elf_hall_circle, layout_geoelf_octagon
Vaults:1: vaults_mumra_lcd, v_alt_pattern_6, vaults_standard_mumra_lines,
          v_misc_13, v_pattern_3, nicolae_vaults_theta,
          nicolae_vaults_shelves_hall, nicolae_vaults_rhombus_6,
          layout_vaults_chaotic_city, serial_shops, shop
Vaults:2: v_pattern_1, vaults_dpeg_encased_lava, nicolae_vaults_holding_cells,
          nicolae_vaults_ninety_degrees, v_misc_13,
          hangedman_vaults_stretched_pinwheel, nicolae_vaults_network_square,
          layout_vaults_omnigrid
Vaults:3: portal_desolation_entry_twin_temple, hangedman_vaults_hat,
          grunt_vaults_swirl, nicolae_vaults_twisting_passages,
          nicolae_vaults_fighting_squares, minmay_crypt_entry_simple_corners,
          v_rooms_3, v_rooms_5, v_alt_pattern_5, layout_vaults_ring
Vaults:4: serial_ice_h, v_misc_29, v_alt_pattern_4, v_rooms_2,
          ontoclasm_vaults_ring_square, v_misc_18, nicolae_vaults_circle_grid_b,
          v_misc_12, ontoclasm_vaults_fault, nicolae_vaults_ring_of_whatevers,
          nicolae_vaults_network_quinsquares
          [nicolae_vaults_network_quincunx_subvault,
          nicolae_vaults_network_quincunx_subvault,
          nicolae_vaults_network_quincunx_subvault,
          nicolae_vaults_network_quincunx_subvault], vaults_room_corners,
          ontoclasm_vaults_shuriken, layout_vaults_omnibox

Skill      XL: |  1  2  3  4  5  6  7  8  9 10 11 12 13 14 15 16 17 18 19 20 21 22 23 |
---------------+----------------------------------------------------------------------+-----
Polearms       | 3 4 5 6 8 10 12 14 16 18 19 20 21 23 24 | 24.0
Armour         | 3 4 5 6 7 9 10 11 14 16 18 | 18.1
Fighting       | 4 5 6 9 10 11 15 16 18 19 | 19.9
Evocations     | 3 6 7 9 |  9.0
Bows           | 3 9 13 16 19 20 | 20.0
Dodging        | 5 6 |  6.0
Stealth        | 3 |  3.0
Throwing       | 4 7 |  7.7

Action                   |  1- 3 |  4- 6 |  7- 9 | 10-12 | 13-15 | 16-18 | 19-21 | 22-24 || total
-------------------------+-------+-------+-------+-------+-------+-------+-------+-------++-------
Melee: Dagger            |    65 |   112 |       |       |       |       |       |       ||   177
       Halberd           |       |    33 |   360 |   594 |   105 |       |       |       ||  1092
       Glaive            |       |       |       |       |  1072 |   843 |   506 |     8 ||  2429
       Trident           |       |       |       |       |     8 |       |       |       ||     8
       Bardiche          |       |       |       |       |       |       |       |   806 ||   806
 Fire: Longbow           |       |       |       |       |   166 |   727 |  1247 |   405 ||  2545
Throw: Stone             |       |     4 |     9 |    42 |     4 |       |     5 |       ||    64
Invok: Berserk           |     1 |     2 |     6 |    14 |    15 |     8 |     7 |    12 ||    65
       Trog's Hand       |       |     1 |     3 |     4 |     5 |     4 |     4 |     1 ||    22
       Brothers in Arms  |       |       |       |     4 |     3 |     6 |     1 |     4 ||    18
Evoke: Wand              |       |       |     3 |     4 |     3 |       |     1 |       ||    11
       Tin of tremorston |       |       |       |       |       |     4 |     2 |       ||     6
  Use: Scroll            |       |     6 |     6 |     6 |    15 |     3 |     3 |     3 ||    42
       Potion            |       |       |       |     1 |     4 |       |     2 |     2 ||     9
 Stab: Paralysed         |       |       |     2 |     1 |       |       |       |       ||     3
       Distracted        |       |       |       |       |     1 |     1 |       |       ||     2
       Confused          |       |       |       |       |       |     1 |       |       ||     1
Armor: Ring mail         |    11 |       |       |       |       |       |       |       ||    11
       Chain mail        |     5 |    68 |   210 |    10 |       |       |       |       ||   293
       Plate armour      |       |       |       |   284 |       |       |       |       ||   284
       Crystal plate arm |       |       |       |    44 |   867 |   887 |   562 |   597 ||  2957
Dodge: Dodged            |    15 |    84 |   242 |   274 |   500 |   440 |   323 |   264 ||  2142

Table legend: (Time is in decaauts)
 A = Elapsed time spent in this place.
 B = Non-inter-level travel time spent in this place.
 C = Inter-level travel time spent in this place.
 D = Time resting spent in this place.
 E = Time spent auto-exploring this place.
 F = Levels seen in this place.
 G = Mean time per level.
                   A        B        C        D        E       F      G
               +--------+--------+--------+--------+--------+-----+--------+
         Total |  57501 |  52726 |   4775 |   9033 |  33134 |  49 | 1173.5 |
       Dungeon |  16681 |  14647 |   2034 |   1418 |  10585 |  15 | 1112.1 |
          Lair |   9858 |   8854 |   1004 |   1608 |   5646 |   6 | 1643.0 |
         Swamp |   5430 |   5244 |    186 |    474 |   3829 |   4 | 1357.5 |
     Snake Pit |   4542 |   4250 |    292 |    212 |   2990 |   4 | 1135.5 |
    Slime Pits |   2316 |   2290 |     26 |   1411 |    177 |   5 |  463.2 |
  Orcish Mines |   1352 |   1200 |    152 |    184 |    739 |   2 |  676.0 |
   Elven Halls |   3790 |   3590 |    200 |    633 |   2273 |   3 | 1263.3 |
        Vaults |   7929 |   7051 |    878 |    973 |   4853 |   4 | 1982.2 |
         Abyss |    110 |    110 |      0 |      0 |     12 |   1 |  110.0 |
         Sewer |    187 |    187 |      0 |     76 |     16 |   1 |  187.0 |
      Ice Cave |   1618 |   1618 |      0 |   1052 |    328 |   1 | 1618.0 |
       Volcano |    558 |    558 |      0 |    117 |    214 |   1 |  558.0 |
    Desolation |   2375 |   2375 |      0 |    817 |    978 |   1 | 2375.0 |
      Gauntlet |    749 |    749 |      0 |     53 |    492 |   1 |  749.0 |
               +--------+--------+--------+--------+--------+-----+--------+

Top non-repeatable levels by time:
  Lair:5: 3030 daAuts
 Swamp:3: 2514 daAuts
Vaults:3: 2388 daAuts
Desolation: 2375 daAuts
     D:9: 2110 daAuts
Vaults:2: 2098 daAuts
Vaults:4: 1906 daAuts
   Elf:3: 1660 daAuts
  Lair:1: 1633 daAuts
   IceCv: 1618 daAuts
  Lair:3: 1599 daAuts
Vaults:1: 1536 daAuts
 Snake:2: 1508 daAuts
     D:7: 1445 daAuts
  Lair:6: 1431 daAuts
